 Dungeon Crawl Stone Soup version 0.26-a0-649-gf8c6c3aab7 (webtiles) character file.

Game seed: 12127374856756454039

773946 Burgietje the Conqueror (level 27, -7/159 HPs)
             Began as a Gargoyle Fighter on Sept 27, 2020.
             Was the Champion of the Shining One.
             Killed from afar by a starcursed mass (12 damage)
             ... with an accursed screaming
             ... on level 5 of the Abyss.
             The game lasted 02:48:09 (83755 turns).

Burgietje the Conqueror (Gargoyle Fighter)         Turns: 83755, Time: 02:48:10

Health: -7/159     AC: 77    Str: 35    XL:     27
Magic:  32/37      EV: 24    Int: 16    God:    the Shining One [******]
Gold:   12932      SH: 31    Dex: 22    Spells: 26/26 levels left

rFire    + + .     SeeInvis +   R - +9 broad axe (freeze)
rCold    + + .     Faith    .   G - +5 kite shield of Wulenkul {rF+ rC+}
rNeg     + + +     Spirit   .   O - +12 gold dragon scales
rPois    ∞         Reflect  +   E - +1 helmet {SInv}
rElec    +         Harm     .   u - +0 cloak {rCorr}
rCorr    +         Rampage  .   q - +3 pair of gloves of Diom {Str+4 Int+2}
MR       +++++     NoCast   +   y - +0 pair of boots "Mualusatz" {-Cast MR+++ rCorr Stlth-}
Stlth    ..........             N - amulet "Cikone" {Reflect Dex+7 SH+5}
HPRegen  0.36/turn              r - ring "Foet" {Dex+4 Slay+4}
MPRegen  0.25/turn              T - ring "Baixzesh" {AC+4 Int+3 Dex+4 Slay+5}

@: about to teleport, flying, glowing
A: big wings, iridescent scales 1, clumsy 1, frail 2, mutation resistance 1,
negative energy resistance 1, electricity resistance, unbreathing, petrification
resistance, rot immunity, subdued magic 1, AC +20
}: 4/15 runes: serpentine, barnacled, slimy, silver
a: Stop Flying, Divine Shield, Cleansing Flame, Summon Divine Warrior, Brand
Weapon With Holy Wrath, Renounce Religion


You were on level 5 of the Abyss.
You worshipped the Shining One.
The Shining One was exalted by your worship.
You visited 13 branches of the dungeon, and saw 58 of its levels.
You visited the Abyss 3 times.
You also visited: Trove and Ice Cave.

You collected 14843 gold pieces.
You spent 1911 gold pieces at shops.

Inventory:

Hand Weapons
 w - a +9 vorpal broad axe
 R - a +9 broad axe of freezing (weapon)
Armour
 q - the +3 pair of gloves of Diom (worn) {Str+4 Int+2}
   (You found it on level 3 of the Abyss)

   It affects your strength (+4).
   It affects your intelligence (+2).
 u - a +0 cloak of preservation (worn)
 y - the +0 pair of boots "Mualusatz" (worn) {-Cast MR+++ rCorr Stlth-}
   (Okawaru gifted it to you on level 5 of the Depths)

   It affects your resistance to hostile enchantments.
   It prevents spellcasting.
   It provides partial protection from all sources of acid and corrosion.
   It makes you less stealthy.
 E - a +1 helmet of see invisible (worn)
 G - the +5 kite shield of Wulenkul (worn) {rF+ rC+}
   (You found it on level 9 of the Dungeon)

   It protects you from fire.
   It protects you from cold.
 K - a scarf of resistance
 O - +12 gold dragon scales (worn)
Jewellery
 e - an uncursed ring of protection from cold {unknown}
 r - the ring "Foet" (left hand) {Dex+4 Slay+4}
   (You found it on level 3 of the Abyss)

   [ring of slaying]

   It affects your dexterity (+4).
   It affects your accuracy and damage with ranged weapons and melee attacks
   (+4).
 N - the amulet "Cikone" (around neck) {Reflect Dex+7 SH+5}
   (You found it in a treasure trove)

   [amulet of reflection]

   It shields you and reflects attacks.
   It affects your dexterity (+7).
   It affects your SH (+5).
 T - the ring "Baixzesh" (right hand) {AC+4 Int+3 Dex+4 Slay+5}
   (You took it off a deep elf annihilator on level 3 of the Elven Halls)

   [ring of protection]

   It affects your AC (+4).
   It affects your intelligence (+3).
   It affects your dexterity (+4).
   It affects your accuracy and damage with ranged weapons and melee attacks
   (+5).
Wands
 i - a wand of disintegration (33)
 m - a wand of digging (21)
 D - a wand of paralysis (27)
 F - a wand of flame (148)
Scrolls
 c - 11 scrolls of fear
 d - 12 scrolls of teleportation
 f - 11 scrolls of fog
 g - a scroll of silence
 h - a scroll of remove curse
 k - 3 scrolls of summoning
 n - 12 scrolls of magic mapping
 o - 6 scrolls of blinking
 s - 5 scrolls of holy word
 J - a scroll of immolation
Potions
 a - 2 potions of mutation
 b - 5 potions of haste
 j - 27 potions of curing
 l - 5 potions of berserk rage
 v - 3 potions of resistance
 x - 8 potions of lignification
 B - 4 potions of ambrosia
 I - 13 potions of might
 M - 7 potions of magic
 P - 6 potions of cancellation
 W - 3 potions of invisibility
 Z - 3 potions of brilliance


   Skills:
 O Level 27 Fighting
 - Level 18.2 Axes
 - Level 25.2 Armour
 - Level 20.8 Dodging
 + Level 26.7 Shields
 + Level 20.8 Invocations


You had 26 spell levels left.
You didn't know any spells.
Your spell library contained the following spells:

 Spells                   Type           Power        Failure   Level
 Animate Skeleton         Necr           #.....       73%         1
 Apportation              Tloc           #.....       73%         1
 Corona                   Hex            #......      73%         1
 Foxfire                  Conj/Fire      #...         73%         1
 Freeze                   Ice            #...         73%         1
 Magic Dart               Conj           #...         73%         1
 Sandblast                Erth           #.....       73%         1
 Shock                    Conj/Air       #...         73%         1
 Sting                    Tmut/Pois      #...         73%         1
 Summon Small Mammal      Summ           #...         73%         1
 Blink                    Tloc           N/A          86%         2
 Call Imp                 Summ           #.......     86%         2
 Corpse Rot               Necr/Air       N/A          86%         2
 Ensorcelled Hibernation  Hex/Ice        #.....       86%         2
 Passwall                 Tmut/Erth      #.......     86%         2
 Poisonous Vapours        Pois/Air       #.....       86%         2
 Searing Ray              Conj           #.....       86%         2
 Slow                     Hex            #.......     86%         2
 Swiftness                Air            #.......     86%         2
 Call Canine Familiar     Summ           #.......     98%         3
 Confusing Touch          Hex            #.......     98%         3
 Conjure Flame            Conj/Fire      #.......     98%         3
 Dazzling Flash           Conj/Hex       #.....       98%         3
 Frozen Ramparts          Ice            #.....       98%         3
 Gell's Gravitas          Tloc           #.........   98%         3
 Ignite Poison            Fire/Tmut/Pois #.......     98%         3
 Inner Flame              Hex/Fire       #.......     98%         3
 Lesser Beckoning         Tloc           #.........   98%         3
 Mephitic Cloud           Conj/Pois/Air  #.......     98%         3
 Ozocubu's Armour         Ice            #.......     98%         3
 Portal Projectile        Hex/Tloc       #.....       98%         3
 Static Discharge         Conj/Air       #.......     98%         3
 Stone Arrow              Conj/Erth      #.....       98%         3
 Summon Guardian Golem    Hex/Summ       #.......     98%         3
 Teleport Other           Tloc           #.......     98%         3
 Tukima's Dance           Hex            #.......     98%         3
 Airstrike                Air            #.........   100%        4
 Animate Dead             Necr           #.........   100%        4
 Cause Fear               Hex            #.........   100%        4
 Dispel Undead            Necr           #.......     100%        4
 Fulminant Prism          Conj/Hex       #.........   100%        4
 Hailstorm                Conj/Ice       #.......     100%        4
 Ice Form                 Ice/Tmut       #.......     100%        4
 Iskenderun's Mystic Bla  Conj/Tloc      #.......     100%        4
 Leda's Liquefaction      Hex/Erth       #.........   100%        4
 Olgreb's Toxic Radiance  Pois           #.......     100%        4
 Passage of Golubria      Tloc           N/A          100%        4
 Petrify                  Tmut/Erth      #.......     100%        4
 Sticky Flame             Conj/Fire      #.......     100%        4
 Summon Ice Beast         Ice/Summ       #.......     100%        4
 Summon Lightning Spire   Summ/Air       #.......     100%        4
 Agony                    Necr           #.......     100%        5
 Alistair's Intoxication  Tmut/Pois      #........    100%        5
 Bolt of Magma            Conj/Fire/Erth #.........   100%        5
 Borgnjor's Vile Clutch   Necr/Erth      #.........   100%        5
 Fireball                 Conj/Fire      #.........   100%        5
 Irradiate                Conj/Tmut      #.........   100%        5
 Lee's Rapid Deconstruct  Erth           #.........   100%        5
 Lightning Bolt           Conj/Air       #.........   100%        5
 Silence                  Hex/Air        #.........   100%        5
 Summon Forest            Summ/Tloc      #.........   100%        5
 Summon Mana Viper        Hex/Summ       #.......     100%        5
 Yara's Violent Unravell  Hex/Tmut       #.........   100%        5
 Conjure Ball Lightning   Conj/Air       #.........   100%        6
 Death Channel            Necr           #.........   100%        6
 Dispersal                Tloc           #.........   100%        6
 Eringya's Noxious Bog    Tmut/Pois      #.........   100%        6
 Freezing Cloud           Conj/Ice/Air   #.........   100%        6
 Hydra Form               Tmut           #.........   100%        6
 Invisibility             Hex            #.......     100%        6
 Iron Shot                Conj/Erth      #.........   100%        6
 Ozocubu's Refrigeration  Ice            #.........   100%        6
 Simulacrum               Ice/Necr       #.........   100%        6
 Starburst                Conj/Fire      #.........   100%        6
 Dragon Form              Tmut           #.........   100%        7
 Haunt                    Necr/Summ      #.........   100%        7
 Malign Gateway           Summ/Tloc      #.........   100%        7
 Monstrous Menagerie      Summ           #.........   100%        7
 Summon Greater Demon     Summ           #.........   100%        7
 Borgnjor's Revivificati  Necr           #.........   100%        8
 Chain Lightning          Conj/Air       #.........   100%        8
 Discord                  Hex            #.........   100%        8
 Disjunction              Tloc           #.........   100%        8
 Ignition                 Fire           #.........   100%        8
 Infestation              Necr           #.........   100%        8
 Lehudib's Crystal Spear  Conj/Erth      #.........   100%        8
 Necromutation            Tmut/Necr      #.........   100%        8
 Summon Horrible Things   Summ           #.........   100%        8
 Absolute Zero            Ice            #.........   100%        9
 Death's Door             Necr           #.........   100%        9
 Fire Storm               Conj/Fire      #.........   100%        9
 Shatter                  Erth           #.........   100%        9
 Tornado                  Air            #.........   100%        9
 Sublimation of Blood     Necr           Unusable     N/A         2
 Statue Form              Tmut/Erth      Unusable     N/A         6

Dungeon Overview and Level Annotations

Branches:
Dungeon (15/15)            Temple (1/1) D:7            Lair (6/6) D:8
 Shoals (4/4) Lair:3        Snake (4/4) Lair:4        Slime (5/5) Lair:5
    Orc (2/2) D:11            Elf (3/3) Orc:2        Vaults (5/5) D:13
  Crypt (3/3) Vaults:3       Tomb (1/3) Crypt:3      Depths (5/5) D:15
    Zot (4/5) Depths:5      IceCv (visited)

Altars:
Ashenzari
Cheibriados
Dithmenos
Elyvilon
Fedhas
Gozag
Hepliaklqana
Kikubaaqudgha
Makhleb
Nemelex Xobeh
Okawaru
Qazlal
Ru
Sif Muna
Trog
Uskayaw
Vehumet
Wu Jian
Xom
Yredelemnul
Zin
The Shining One
Beogh
Jiyva

Shops:
D:12 *!   D:15 }   Orc:2 :*:!   Elf:3 (}(}   Shoals:1 [   Snake:1 ==}
Snake:4 =*(   Vaults:1 [   Vaults:2 ***   Vaults:3 [   Depths:2 !   Depths:5 (

Portals:
Hell: Depths:1 Depths:2 Depths:3 Depths:4 Depths:5
Abyss: D:6 Depths:1 Depths:4
Pandemonium: Depths:3
Ziggurat: Depths:1

Annotations:
D:6 2 transporters, Peloso's ghost, novice MiFi
Snake:3 2 transporters, Fasorgh's ghost, adept HOBe


Innate Abilities, Weirdness & Mutations

You are resistant to torment.
Your stone body is resilient. (AC +20)
You are immune to poison.
Your large and strong wings let you fly indefinitely.
You resist negative energy. (rN+)
You are resistant to electric shocks. (rElec)
You can survive without breathing.
You are immune to petrification.
You are immune to rotting.
You are partially covered in iridescent scales. (AC +2)
You are clumsy. (Dex -2)
You are very frail. (-20% HP)
You are somewhat resistant to further mutation.
Your spells are a little easier to cast, but a little less powerful.


Message History

* * * LOW HITPOINT WARNING * * *
Your daeva blocks the rakshasa's attack.
A deafening chorus of shrieks assaults your mind!
* * * LOW HITPOINT WARNING * * *
Okay, then.
Press: ? - help, Dir - move target cursor
As you read the scroll of blinking, it crumbles to dust.
A starcursed mass comes into view.
A starcursed mass splits. x2
A starcursed mass splits. x2
A deafening chorus of shrieks assaults your mind!
* * * LOW HITPOINT WARNING * * *
You suddenly lose the ability to move!
You can move again.
A starcursed mass splits.
A deafening chorus of shrieks assaults your mind!
The Shining One protects you from harm!
A starcursed mass splits. x2
A cacophony of accursed wailing tears at your sanity!
You die...

#....# #....#
#.X..#
#X.X.####
#.....#
#.X...#
#.....#
#.....#
#.X..@# ##
######X...##
...#...XX#####
...#.X.X.#
..'... .#
#.....# #.....
#.....#
###3###


You could see 8 starcursed masses.

Vanquished Creatures
  the Royal Jelly (Slime:5)
  2 orbs of fire
  4 ancient liches
  A juggernaut (Depths:1)
  Sojobo (Vaults:3)
  Frederick (Vaults:5)
  2 curse toes
  Xtahua (Depths:3)
  3 caustic shrikes (Depths:5)
  Saint Roka (Vaults:3)
  Nikola (Depths:2)
  12 golden dragons
  Jory (Depths:3)
  8 bone dragons
  Jorgrun (D:15)
  4 electric golems
  11 liches
  2 Hell Sentinels (Abyss:2)
  11 deep elf blademasters
  16 tentacled monstrosities
  17 titans
  19 acid blobs
  Asterion (Vaults:3)
  4 quicksilver dragons
  10 deep elf master archers
  5 ancient champions
  8 sphinxes
  14 death cobs
  28 tentacled starspawn
  11 tengu reavers
  7 shadow dragons
  18 storm dragons
  11 azure jellies
  4 revenants
  5 nagarajas (Snake:4)
  Ilsuiw (Shoals:4)
  Donald (Snake:1)
  4 draconian monks
  A daeva (Abyss:5)
  3 balrugs
  12 deep elf sorcerers
  17 vault wardens
  20 fire giants
  A ghost moth (Abyss:3)
  2 iron dragons (Vaults:5)
  2 cacodemons (Abyss:5)
  2 draconian scorchers
  65 large abominations
  5 ghouls (Crypt:2)
  3 curse skulls
  23 frost giants
  A caustic shrike zombie (Depths:2)
  3 angels
  7 deep elf elementalists
  16 ironheart preservers
  5 draconian annihilators
  5 war gargoyles
  40 stone giants
  2 entropy weavers (Vaults:1)
  10 vampire knights
  55 very ugly things
  11 green draconians
  An ophan (Abyss:1)
  10 deep elf demonologists
  A lorocyproca (Abyss:3)
  7 white draconians
  10 black draconians
  8 deep elf annihilators
  5 purple draconians
  21 ettins
  6 yellow draconians
  6 spark wasps
  8 red draconians
  A dire elephant (D:15)
  3 eidola
  A blizzard demon (Abyss:5)
  A crystal guardian (Vaults:4)
  3 death oozes
  An ettin (shapeshifter) (Vaults:5)
  A mummy priest (Tomb:1)
  The ghost of haldagan the Carver, a journeyman DEBe of Trog (Orc:2)
  9 fire dragons
  12 deep elf death magi
  A green death (Abyss:3)
  13 jiangshi
  4 merfolk javelineers
  14 yaktaur captains
  5 deep elf high priests (Elf:3)
  10 merfolk impalers
  Josephine (Orc:1)
  30 vault guards
  11 great orbs of eyes
  24 naga warriors
  12 rakshasas
  A catoblepas (Lair:6)
  12 hydras
  5 spriggan air magi
  16 ice dragons
  10 centaur warriors
  3 death knights
  4 merfolk avatars (Shoals:4)
  30 two-headed ogres
  An alligator snapping turtle (Shoals:4)
  13 ogre magi
  3 merfolk aquamancers
  7 deep troll shamans
  6 anacondas
  An anaconda (shapeshifter) (Vaults:5)
  13 hell hogs
  A titan zombie (Vaults:3)
  9 satyrs
  9 death yaks (Lair:6)
  10 naga sharpshooters
  3 orc high priests
  3 tengu warriors (Depths:1)
  26 dancing weapons
  13 deep troll earth magi
  36 thrashing horrors
  7 shock serpents
  9 vampire magi
  38 deep elf knights
  Urug (Lair:1)
  A storm dragon zombie (Depths:2)
  14 hell knights
  7 spriggan berserkers
  5 soul eaters
  Sonja (Lair:1)
  7 sixfirhies
  17 skeletal warriors
  15 wretched stars
  10 shadow wraiths
  A spark wasp zombie (Crypt:2)
  3 iron trolls
  31 small abominations
  3 death drakes (shapeshifter) (Abyss:5)
  3 storm dragon skeletons
  4 spatial maelstroms
  A salamander mystic (Snake:4)
  A sea snake (shapeshifter) (Vaults:5)
  11 flayed ghosts
  4 wizards
  9 unseen horrors
  2 cherubim (Depths:4)
  A shadow demon (Abyss:3)
  33 deep trolls
  9 sea snakes
  8 glowing orange brains
  13 ironbrand convokers
  9 naga ritualists
  16 orc knights
  A shadow dragon zombie (Depths:2)
  20 harpies
  2 lindwurms
  An obsidian statue (D:13)
  40 deep elf archers
  A deep troll (shapeshifter) (Vaults:5)
  21 phantasmal warriors
  94 deep elf magi
  9 orc sorcerers
  A tengu zombie (Depths:2)
  An orb spider (Abyss:5)
  15 necromancers
  102 ugly things
  23 fauns
  2 oklob plants
  3 shining eyes
  A stone giant zombie (Crypt:2)
  5 wolf spiders
  6 worldbinders
  An iron dragon skeleton (Crypt:3)
  13 manticores
  5 mana vipers
  6 cyclopes
  13 salamanders
  4 human skeletons
  9 fire giant skeletons (Crypt:3)
  17 moths of wrath
  24 naga magi
  2 shadow dragon skeletons
  A black mamba (shapeshifter) (D:13)
  A shock serpent zombie (Crypt:1)
  42 black mambas
  9 merfolk sirens
  A water nymph (shapeshifter) (Depths:3)
  A guardian serpent (shapeshifter) (Vaults:5)
  2 ice statues (IceCv)
  Joseph (D:7)
  A torpor snail (shapeshifter) (Vaults:1)
  4 water nymphs
  9 cane toads
  7 apocalypse crabs
  2 elephants (Lair:6)
  4 eyes of devastation
  18 vault sentinels
  20 smoke demons
  Maggie (Lair:1)
  8 gargoyles
  4 stone giant skeletons
  2 torpor snails (Lair:6)
  8 orange demons
  9 guardian serpents
  A yaktaur zombie (Vaults:3)
  2 centaur skeletons
  A shock serpent skeleton (Crypt:3)
  2 cane toads (shapeshifter)
  A dire elephant skeleton (Crypt:3)
  3 rime drakes
  2 komodo dragons (shapeshifter)
  2 kobold demonologists
  A minotaur zombie (Abyss:3)
  61 yaktaurs
  12 freezing wraiths
  A catoblepas skeleton (Crypt:1)
  2 efreet (Abyss:5)
  9 komodo dragons
  3 yaktaurs (shapeshifter)
  A tormentor (Abyss:3)
  5 human zombies
  A spark wasp simulacrum (Depths:2)
  A yaktaur skeleton (Vaults:3)
  4 tengu conjurers
  5 hellwings
  10 ice devils
  A sea snake zombie (Crypt:2)
  A queen bee (shapeshifter) (Depths:4)
  21 ancient zymes
  A meliai (shapeshifter) (D:13)
  2 guardian mummies (Crypt:3)
  A demonic crawler (Abyss:3)
  37 merfolk
  2 shadow dragon simulacra (Vaults:3)
  12 hornets
  12 polar bears
  5 trolls
  3 meliai (D:15)
  A harpy skeleton (Abyss:5)
  4 tyrant leeches (Abyss:5)
  3 wind drakes
  A sphinx simulacrum (Vaults:1)
  2 hornets (shapeshifter)
  A fire dragon zombie (Abyss:2)
  71 raiju
  15 blink frogs
  A bog body (Crypt:2)
  94 slime creatures
  A frost giant simulacrum (Vaults:3)
  16 hippogriffs
  A blink frog (shapeshifter) (Elf:1)
  4 snapping turtles
  18 dream sheep
  2 hippogriffs (shapeshifter)
  69 starcursed masses
  A stone giant simulacrum (Depths:2)
  2 air elementals (Elf:2)
  10 flying skulls (Abyss:5)
  Sigmund (D:2)
  2 ettin skeletons (Crypt:1)
  7 fire dragon skeletons (Crypt:3)
  7 spriggans
  4 redbacks (Vaults:1)
  2 wyverns
  A redback (shapeshifter) (Vaults:4)
  A spriggan (shapeshifter) (Vaults:2)
  A fire bat (Abyss:5)
  3 vampires
  16 golden eyes
  19 wraiths
  4 fire elementals
  A hog (shapeshifter) (Vaults:5)
  9 water elementals
  9 ynoxinuls
  Grum (D:11)
  28 yaks
  4 basilisks
  A steam dragon (D:11)
  A yaktaur simulacrum (Vaults:1)
  10 neqoxecs
  14 chaos spawn
  9 insubstantial wisps
  58 nagas
  Menkaure (D:7)
  2 acid dragons (Vaults:1)
  A deep troll zombie (Vaults:4)
  26 spatial vortices
  A glowing shapeshifter zombie (Crypt:1)
  22 wargs
  23 water moccasins
  A deep troll skeleton (Vaults:3)
  A floating eye (Depths:3)
  7 porcupines
  15 black bears
  22 hell hounds
  49 orc warriors
  2 ettin simulacra
  3 sky beasts
  A swamp dragon zombie (Crypt:1)
  10 eyes of draining
  3 phantoms
  5 ice beasts
  6 necrophages
  A lindwurm zombie (Crypt:2)
  36 ogres
  22 wolves
  2 eyes of draining (shapeshifter)
  A manticore zombie (Abyss:5)
  A wolf (shapeshifter) (Vaults:5)
  3 boggarts (Vaults:1)
  9 centaurs
  An elephant skeleton (Crypt:1)
  A swamp dragon skeleton (Crypt:3)
  An elf simulacrum (Vaults:1)
  A snapping turtle skeleton (Crypt:2)
  12 crocodiles
  An octopode zombie (Crypt:2)
  A big kobold (D:11)
  9 bullfrogs
  Blork the orc (D:5)
  7 earth elementals
  A glowing shapeshifter simulacrum (Depths:2)
  A deep troll simulacrum (Vaults:3)
  3 scorpions
  A hornet simulacrum (D:15)
  A scorpion (shapeshifter) (Depths:1)
  2 yak zombies
  A troll skeleton (Crypt:1)
  5 killer bees (D:11)
  3 howler monkeys (D:9)
  14 wights
  A yak skeleton (Crypt:1)
  6 electric eels
  2 vampire bats (Lair:2)
  2 crimson imps
  3 centaur zombies
  4 bullfrog zombies
  4 lava snakes (Snake:1)
  3 quasits
  5 jellies
  2 bullfrog skeletons
  36 orc priests
  7 hounds
  33 orc wizards
  Ijyb (D:5)
  4 iguanas
  2 iron imps
  Jessica (D:3)
  Natasha (thrice) (D:3)
  12 worker ants
  A sky beast zombie (Crypt:1)
  2 hound skeletons
  A hound zombie (D:4)
  11 mummies
  3 worker ant zombies
  12 gnolls
  2 howler monkey zombies
  2 howler monkey skeletons
  11 adders
  3 shadow imps
  28 white imps
  9 ufetubi
  7 oozes
  An iguana zombie (Crypt:2)
  A lava snake zombie (Crypt:2)
  4 adder skeletons
  An adder zombie (D:4)
  2 worms
  4 dart slugs
  4 leopard geckos
  95 orcs
  8 bats
  6 giant cockroaches
  8 goblins
  6 hobgoblins
  5 quokkas
  3 ball pythons
  A ball python skeleton (D:4)
  3 frilled lizards
  2 giant cockroach zombies (D:4)
  A jackal skeleton (D:4)
  A jackal zombie (D:4)
  6 kobolds
  A leopard gecko skeleton (D:5)
  A leopard gecko zombie (D:4)
  A quokka skeleton (D:5)
  2 rats (D:1)
  A river rat skeleton (Crypt:1)
  3 bushes (Lair:6)
  9 crawling corpses
  2 lurking horrors (Abyss:5)
  28 starspawn tentacles
3464 creatures vanquished.

Vanquished Creatures (collateral kills)
  A large abomination (Abyss:5)
1 creature vanquished.

Vanquished Creatures (others)
  A reaper (IceCv)
  An ogre mage (Depths:1)
  3 two-headed ogres (Depths:1)
  2 hell hogs
  A large abomination (Abyss:5)
  A wretched star (Abyss:4)
  A cherub (Depths:4)
  An unseen horror (shapeshifter) (Depths:1)
  A necromancer (Vaults:3)
  A yaktaur (Depths:1)
  A dream sheep (Lair:6)
  A hippogriff (Lair:5)
  2 water elementals (Depths:1)
  7 golden eyes (Abyss:5)
  A naga (Snake:1)
  2 small abominations
  2 ogres
  An orc wizard (Orc:2)
  2 white imps (IceCv)
  An ufetubus (IceCv)
  2 orcs (Orc:2)
  2 bushes (Lair:6)
  A crawling corpse (Elf:3)
  63 fungi
  282 plants
  59 starspawn tentacles
  3 withered plants (Crypt:3)
445 creatures vanquished.

Grand Total: 3910 creatures vanquished

Notes
Turn   | Place    | Note
-------+----------+-------------------------------------------
     0 | D:1      | Burgietje the Gargoyle Fighter began the quest for the Orb.
     0 | D:1      | Reached XP level 1. HP: 14/14 MP: 1/1
   125 | D:1      | Reached XP level 2. HP: 19/19 MP: 2/2
   670 | D:2      | Noticed Sigmund
   699 | D:2      | Killed Sigmund
   699 | D:2      | Reached skill level 5 in Fighting
   699 | D:2      | Reached XP level 3. HP: 3/26 MP: 3/3
   699 | D:2      | Reached XP level 4. HP: 4/31 MP: 4/4
   699 | D:2      | Reached XP level 5. HP: 4/35 MP: 5/5
  1533 | D:3      | Reached XP level 6. HP: 36/40 MP: 6/6
  1727 | D:3      | Noticed Jessica
  1734 | D:3      | Killed Jessica
  1734 | D:3      | Reached skill level 6 in Fighting
  1887 | D:3      | Noticed Natasha
  1904 | D:3      | Killed Natasha
  2024 | D:3      | Noticed Natasha
  2029 | D:3      | Killed Natasha
  2207 | D:3      | Noticed Natasha
  2220 | D:3      | Killed Natasha
  2220 | D:3      | Reached XP level 7. HP: 43/47 MP: 7/7
  2303 | D:4      | Reached skill level 5 in Axes
  2717 | D:4      | Reached skill level 7 in Fighting
  3156 | D:5      | Entered Level 5 of the Dungeon
  3167 | D:5      | You fall into a shaft and drop 3 floors!
  3176 | D:8      | Reached XP level 8. HP: 41/53 MP: 8/8
  3315 | D:7      | Found a staircase to the Ecumenical Temple.
  3331 | D:7      | Got a shimmering lead amulet
  3341 | Temple   | Entered the Ecumenical Temple
  3433 | D:6      | Noticed Peloso's ghost (novice MiFi)
  3434 | D:6      | Found a transporter.
  3455 | D:6      | Noticed a toenail golem
  3468 | D:6      | Found a one-way gate to the infinite horrors of the Abyss.
  3469 | D:6      | Found a transporter.
  3563 | D:5      | Identified the amulet "Vomap" {RegenMP rElec Str+4} (You
                  | found it on level 7 of the Dungeon)
  3741 | D:5      | Reached skill level 8 in Fighting
  3965 | D:5      | Noticed Blork the orc
  3982 | D:5      | Killed Blork the orc
  4148 | D:5      | Found a stormy altar of Qazlal.
  4148 | D:5      | Noticed Ijyb
  4158 | D:5      | Killed Ijyb
  4389 | D:5      | Reached skill level 9 in Fighting
  4957 | D:6      | Reached XP level 9. HP: 37/60 MP: 9/9
  5585 | D:7      | Noticed Menkaure
  5590 | D:7      | Killed Menkaure
  5802 | D:7      | Noticed Joseph
  5822 | D:7      | Killed Joseph
  5822 | D:7      | Reached skill level 10 in Fighting
  6454 | D:8      | Noticed a two-headed ogre
  7135 | D:8      | Found a staircase to the Lair.
  7416 | D:8      | Killed a two-headed ogre
  7416 | D:8      | Reached skill level 11 in Fighting
  7416 | D:8      | Reached XP level 10. HP: 70/70 MP: 10/10
  7773 | D:9      | Found a radiant altar of Vehumet.
  7775 | D:9      | Found an iron altar of Okawaru.
  7775 | D:9      | Found a sparkling altar of Nemelex Xobeh.
  7777 | D:9      | Found a glowing silver altar of Zin.
  7777 | D:9      | Found a shadowy altar of Dithmenos.
  7778 | D:9      | Found a bloodstained altar of Trog.
  7783 | D:9      | Became a worshipper of Warmaster Okawaru
  7838 | D:9      | Got a heavily runed kite shield
  7849 | D:9      | Identified the +5 kite shield of Wulenkul {rF+ rC+} (You
                  | found it on level 9 of the Dungeon)
  8056 | D:9      | Reached skill level 1 in Invocations
  8170 | D:9      | Reached skill level 10 in Axes
  8368 | D:9      | Reached * piety under Okawaru
  8792 | D:10     | Entered Level 10 of the Dungeon
  9432 | D:10     | Reached skill level 5 in Invocations
  9554 | D:10     | Reached ** piety under Okawaru
  9896 | D:11     | Identified a scroll of acquirement
  9896 | D:11     | Acquired a +1 broad axe of electrocution
  9944 | D:11     | Reached XP level 11. HP: 74/74 MP: 15/15
 10089 | D:11     | Noticed an orc knight
 10097 | D:11     | Killed an orc knight
 10310 | D:11     | Found an iron altar of Okawaru.
 10554 | D:11     | Reached *** piety under Okawaru
 10560 | D:11     | Found a staircase to the Orcish Mines.
 10561 | D:11     | Found a roughly hewn altar of Beogh.
 10706 | D:11     | Noticed Grum
 10727 | D:11     | Killed Grum
 11001 | D:12     | Noticed a purple ugly thing
 11014 | D:12     | Killed a purple ugly thing
 11021 | D:12     | Reached **** piety under Okawaru
 11160 | D:12     | Noticed a two-headed ogre
 11171 | D:12     | Killed a two-headed ogre
 11357 | D:12     | Received a gift from Okawaru
 11535 | D:12     | Found Nueraym's Assorted Antiques.
 11622 | D:12     | Found Ziavuago's Distillery.
 11657 | D:12     | Killed an unseen horror
 11657 | D:12     | Reached ***** piety under Okawaru
 11657 | D:12     | Reached XP level 12. HP: 45/80 MP: 19/19
 11839 | D:12     | Noticed a soul eater
 11864 | D:12     | Killed a soul eater
 11885 | D:12     | Reached skill level 10 in Invocations
 11899 | D:12     | Noticed an eight-headed hydra
 12077 | Lair:1   | Entered Level 1 of the Lair of Beasts
 12237 | Lair:1   | Noticed Urug
 12252 | Lair:1   | Killed Urug
 12608 | Lair:1   | Noticed a seven-headed hydra
 12621 | Lair:1   | Killed a seven-headed hydra
 12781 | Lair:1   | Noticed Sonja
 12839 | Lair:1   | Killed Sonja
 13139 | Lair:1   | Noticed Maggie
 13147 | Lair:1   | Reached skill level 5 in Armour
 13158 | Lair:1   | Killed Maggie
 13649 | Lair:2   | Received a gift from Okawaru
 14081 | Lair:2   | Reached XP level 13. HP: 84/84 MP: 20/20
 14547 | Lair:2   | Received a gift from Okawaru
 15619 | Lair:3   | Found a staircase to the Shoals.
 16633 | Lair:4   | Found a staircase to the Snake Pit.
 16856 | Lair:4   | You fall into a shaft and drop 2 floors!
 16856 | Lair:6   | Entered Level 6 of the Lair of Beasts
 16856 | Lair:6   | Found a shimmering altar of Xom.
 16865 | Lair:6   | Reached skill level 15 in Axes
 17889 | Lair:5   | Found a staircase to the Slime Pits.
 17937 | Lair:5   | Got a bloodstained ring mail
 17938 | Lair:5   | Identified the +1 ring mail "Zeheuf" {Slay+2} (You found it
                  | on level 5 of the Lair of Beasts)
 18170 | Lair:5   | Reached ****** piety under Okawaru
 18170 | Lair:5   | Received a gift from Okawaru
 19209 | Lair:6   | Gained mutation: Your large and strong wings let you fly
                  | indefinitely. [Gargoyle growth]
 19209 | Lair:6   | Reached XP level 14. HP: 73/90 MP: 21/21
 19465 | Lair:6   | Reached skill level 10 in Armour
 20047 | Lair:6   | Received a gift from Okawaru
 20457 | Lair:6   | Received a gift from Okawaru
 21969 | D:12     | Reached XP level 15. HP: 39/95 MP: 22/22
 22840 | D:13     | Received a gift from Okawaru
 22937 | D:13     | Found a portal to a secret trove of treasure.
 22957 | D:13     | You paid a toll of 4 potions of resistance to enter a
                  | treasure trove
 22958 | Trove    | Entered a treasure trove
 22974 | Trove    | Identified Atapargh's Almanac of Flight and Transformation
 23002 | Trove    | Got a brightly glowing ruby amulet
 23004 | Trove    | Got a twitching graven amulet
 23523 | D:13     | Found a gate to the Vaults.
 24787 | D:14     | Received a gift from Okawaru
 24905 | D:15     | Entered Level 15 of the Dungeon
 24972 | D:15     | Noticed Jorgrun
 25112 | Orc:1    | Entered Level 1 of the Orcish Mines
 25114 | Orc:1    | Noticed Josephine
 25123 | Orc:1    | Killed Josephine
 25200 | Orc:1    | Found a frozen archway.
 25219 | IceCv    | Entered an ice cave
 26485 | Orc:2    | Entered Level 2 of the Orcish Mines
 26486 | Orc:2    | Found a staircase to the Elven Halls.
 26639 | Orc:2    | Received a gift from Okawaru
 26652 | Orc:2    | Reached skill level 1 in Dodging
 27558 | Orc:2    | Received a gift from Okawaru
 27802 | Orc:2    | Found Gasuklurgh's Book Shop.
 27803 | Orc:2    | Found Faedesug's Book Boutique.
 27804 | Orc:2    | Found Varpheeju's Distillery.
 27809 | Orc:2    | Found Qipip's Assorted Antiques.
 27813 | Orc:2    | Bought a potion of invisibility for 128 gold pieces
 27813 | Orc:2    | Bought a potion of might for 64 gold pieces
 27853 | Orc:2    | Found a burning altar of Makhleb.
 28016 | Orc:2    | Noticed haldagan's ghost (journeyman DEBe)
 28024 | Orc:2    | Found a transporter.
 28078 | Orc:2    | Found a transporter.
 28194 | Orc:2    | Killed haldagan's ghost
 28890 | Orc:1    | Reached skill level 5 in Shields
 28894 | Orc:1    | Found a roughly hewn altar of Beogh.
 29249 | Shoals:1 | Entered Level 1 of the Shoals
 29367 | Lair:1   | Identified the amulet "Zastryj" {Acrobat rN+ MR+ SInv} (You
                  | found it in a treasure trove)
 29368 | Lair:1   | Identified the amulet "Cikone" {Reflect Dex+7 SH+5} (You
                  | found it in a treasure trove)
 29550 | Shoals:1 | Received a gift from Okawaru
 29550 | Shoals:1 | Reached XP level 16. HP: 90/100 MP: 23/23
 29954 | Shoals:1 | Found Kolus's Antique Armour Emporium.
 30146 | Shoals:1 | Bought a polished chain mail for 332 gold pieces
 30146 | Shoals:1 | Bought a pair of runed boots for 262 gold pieces
 30205 | Shoals:1 | Reached skill level 15 in Armour
 32225 | Shoals:3 | Received a gift from Okawaru
 32614 | Shoals:3 | Received a gift from Okawaru
 33510 | Shoals:4 | Entered Level 4 of the Shoals
 33529 | Shoals:4 | Found a stormy altar of Qazlal.
 33565 | Shoals:4 | Received a gift from Okawaru
 33579 | Shoals:4 | Reached skill level 10 in Shields
 33585 | Shoals:4 | Reached XP level 17. HP: 64/104 MP: 17/24
 33616 | Shoals:4 | Got a citrine-encrusted scale mail {god gift}
 35159 | Shoals:3 | Identified the +1 chain mail "Veli" {Dex+4} (You bought it
                  | in a shop on level 1 of the Shoals)
 35160 | Shoals:3 | Identified the +5 scale mail "Ojefreh" {rPois rC+ MR+
                  | Str+2} (Okawaru gifted it to you on level 4 of the Shoals)
 35286 | Shoals:4 | Noticed Ilsuiw
 35343 | Shoals:4 | Killed Ilsuiw
 35562 | Shoals:4 | Received a gift from Okawaru
 36159 | Shoals:4 | Got a barnacled rune of Zot
 37124 | Snake:1  | Entered Level 1 of the Snake Pit
 37124 | Snake:1  | Noticed Donald
 37134 | Snake:1  | Killed Donald
 37895 | Snake:1  | Found Ahent's Jewellery Boutique.
 37896 | Snake:1  | Found Fidae's Gadget Shoppe.
 37897 | Snake:1  | Found Saebly's Jewellery Boutique.
 37903 | Snake:1  | Bought an uncursed ring of resist corrosion for 340 gold
                  | pieces
 37907 | Snake:1  | Bought the ring "Jukh" {rN+ rCorr} for 530 gold pieces
 38254 | Snake:2  | Reached XP level 18. HP: 110/110 MP: 25/25
 38459 | Snake:2  | Received a gift from Okawaru
 38462 | Snake:2  | Got a slimy flail {god gift}
 39578 | Snake:3  | Found a transporter.
 39589 | Snake:3  | Identified the cursed +0 trident "Zaomne" {antimagic, +Rage
                  | rPois MR+}
 39590 | Snake:3  | Identified the +7 rapier of Past Mistakes {distort, Fragile
                  | rPois rC++ Str+4}
 39597 | Snake:3  | Noticed Fasorgh's ghost (adept HOBe)
 39598 | Snake:3  | Found a bloodstained altar of Trog.
 39637 | Snake:3  | Found a transporter.
 40823 | Snake:4  | Entered Level 4 of the Snake Pit
 40834 | Snake:4  | Acquired a manual of Dodging
 40859 | Snake:4  | Found Ucwir's Jewellery Shoppe.
 40868 | Snake:4  | Found Jecs's Assorted Antiques.
 41033 | Snake:4  | Received a gift from Okawaru
 41107 | Snake:4  | Found Iskothif's Antique Weapon Shop.
 41374 | Snake:4  | Reached skill level 5 in Dodging
 41459 | Snake:4  | Reached skill level 12 in Fighting
 41470 | Snake:4  | Received a gift from Okawaru
 41480 | Snake:4  | Reached skill level 15 in Shields
 41816 | Snake:4  | Reached XP level 19. HP: 105/116 MP: 26/26
 42268 | Snake:4  | Got a serpentine rune of Zot
 42711 | Elf:1    | Entered Level 1 of the Elven Halls
 43524 | Elf:1    | Received a gift from Okawaru
 43531 | Elf:1    | Identified Suahef's Disquisition on Creative Battle Magic
 43810 | Elf:1    | Gained mutation: You are dopey. (Int -2) [a neqoxec]
 44039 | Elf:2    | Reached skill level 10 in Dodging
 44379 | Elf:2    | Found a huge runed translucent gate.
 44379 | Elf:2    | Found a huge runed translucent gate.
 44379 | Elf:2    | Found a huge runed translucent gate.
 44379 | Elf:2    | Found a huge runed translucent gate.
 44379 | Elf:2    | Found a huge runed translucent gate.
 44761 | Elf:2    | Received a gift from Okawaru
 44961 | Elf:2    | Reached skill level 13 in Fighting
 44974 | Elf:2    | Received a gift from Okawaru
 45279 | Elf:3    | Entered Level 3 of the Elven Halls
 45455 | Elf:3    | Found Fauvaic's Gadget Shop.
 45734 | Elf:3    | Found a huge runed gate.
 45734 | Elf:3    | Found a huge runed gate.
 45734 | Elf:3    | Found a huge runed gate.
 45737 | Elf:3    | Found a huge runed gate.
 45737 | Elf:3    | Found a huge runed gate.
 45737 | Elf:3    | Found a huge runed gate.
 45738 | Elf:3    | Found a huge runed gate.
 45738 | Elf:3    | Found a huge runed gate.
 45741 | Elf:3    | Found a huge runed gate.
 45741 | Elf:3    | Found a huge runed gate.
 45741 | Elf:3    | Found a huge runed gate.
 45741 | Elf:3    | Found a huge runed gate.
 45741 | Elf:3    | Found a huge runed gate.
 45778 | Elf:3    | Reached XP level 20. HP: 79/124 MP: 22/27
 45806 | Elf:3    | Received a gift from Okawaru
 46167 | Elf:3    | Found Voemidd's Gadget Shoppe.
 46171 | Elf:3    | Found Cirimuw's Antique Weapon Shoppe.
 46171 | Elf:3    | Found Zyduun's Antique Weapon Shoppe.
 46177 | Elf:3    | Found Fijugosk's Antique Weapon Shoppe.
 46442 | Elf:3    | Identified the cursed +0 chain mail of the Loofah {Regen+
                  | rCorr Dex+4}
 46589 | Elf:3    | Identified the ring "Baixzesh" {AC+4 Int+3 Dex+4 Slay+5}
 46590 | Elf:3    | Identified the amulet of Xom's Ringing Laughter {Spirit
                  | Fragile Str+4 Int+5}
 46595 | Elf:3    | Identified the cursed +1 rapier of Regicide {vorpal, rC+
                  | Dex+4}
 46964 | Elf:3    | Found a huge runed gate.
 46986 | Elf:3    | Noticed a Tzitzimitl
 47022 | Elf:3    | Found a huge runed gate.
 47023 | Elf:3    | Found a huge runed gate.
 47206 | Elf:3    | Found a huge runed gate.
 47207 | Elf:3    | Found a huge runed gate.
 47215 | Elf:3    | Found a huge runed gate.
 47215 | Elf:3    | Found a huge runed gate.
 47215 | Elf:3    | Found a huge runed gate.
 47215 | Elf:3    | Found a huge runed gate.
 47215 | Elf:3    | Found a huge runed gate.
 47215 | Elf:3    | Found a huge runed gate.
 47216 | Elf:3    | Found a huge runed gate.
 47217 | Elf:3    | Found a huge runed gate.
 47218 | Elf:3    | Found a huge runed gate.
 47226 | Elf:3    | Found a huge runed gate.
 47226 | Elf:3    | Found a huge runed gate.
 47226 | Elf:3    | Found a huge runed gate.
 47226 | Elf:3    | Found a huge runed gate.
 47252 | Elf:3    | Identified the cursed +1 trident "Fuixegosa" {vamp, rPois
                  | rN+ MR-}
 47494 | Elf:3    | Received a gift from Okawaru
 47497 | Elf:3    | Got a smouldering kite shield {god gift}
 47498 | Elf:3    | Identified the -4 kite shield of the Slightly Bent {Regen+}
                  | (Okawaru gifted it to you on level 3 of the Elven Halls)
 47647 | Elf:3    | Reached skill level 14 in Fighting
 47720 | Elf:3    | Cast into level 3 of the Abyss (a deep elf sorcerer)
 47742 | Elf:3    | Escaped the Abyss
 48239 | Lair:1   | Acquired a +0 broad axe of electrocution
 48399 | D:15     | Killed Jorgrun
 48795 | D:15     | Found a staircase to the Depths.
 49277 | D:15     | Reached XP level 21. HP: 132/132 MP: 28/28
 49363 | D:15     | Found Berariub's Gadget Boutique.
 49470 | Depths:1 | Entered Level 1 of the Depths
 49477 | Depths:1 | Received a gift from Okawaru
 49536 | Depths:1 | Reached skill level 15 in Dodging
 49559 | Depths:1 | Paralysed by an ogre mage for 6 turns
 49938 | Vaults:1 | Entered Level 1 of the Vaults
 50032 | Vaults:1 | Reached skill level 15 in Fighting
 50999 | Vaults:1 | Found Utwankie's Antique Armour Boutique.
 51907 | Vaults:2 | Found Gozag's Assorted Antiques.
 51908 | Vaults:2 | Found Gozag's Assorted Antiques.
 51913 | Vaults:2 | Received a gift from Okawaru
 51929 | Vaults:2 | Found an opulent altar of Gozag.
 51929 | Vaults:2 | Found Gozag's Assorted Antiques.
 51943 | Vaults:2 | Got a pair of twisted boots {god gift}
 51944 | Vaults:2 | Identified the +0 pair of boots of Coytafac {rF+++ rC-
                  | Slay-3 SInv} (Okawaru gifted it to you on level 2 of the
                  | Vaults)
 52024 | Vaults:2 | Reached skill level 16 in Fighting
 52074 | Vaults:2 | Reached XP level 22. HP: 140/142 MP: 29/29
 52583 | Vaults:2 | Received a gift from Okawaru
 52606 | Vaults:2 | Got a steaming plate armour {god gift}
 52607 | Vaults:2 | Identified the +2 plate armour "Tekeginu" {Int+4 Slay+3}
                  | (Okawaru gifted it to you on level 2 of the Vaults)
 53279 | Vaults:3 | Noticed Sojobo
 53302 | Vaults:3 | Killed Sojobo
 53609 | Vaults:3 | Noticed Saint Roka
 53618 | Vaults:3 | Identified the +8 hand axe of Zohet {chaos, SInv}
 53895 | Vaults:3 | Noticed Asterion
 53901 | Vaults:3 | Reached skill level 17 in Fighting
 53914 | Vaults:3 | Killed Saint Roka
 53914 | Vaults:3 | Received a gift from Okawaru
 53932 | Vaults:3 | Killed Asterion
 54706 | Vaults:3 | Reached XP level 23. HP: 145/150 MP: 30/30
 54757 | Vaults:3 | Found Kikko's Antique Armour Emporium.
 55078 | Vaults:3 | Found a staircase to the Crypt.
 55388 | Vaults:4 | Received a gift from Okawaru
 55802 | Vaults:4 | Reached skill level 18 in Fighting
 56439 | Vaults:5 | Entered Level 5 of the Vaults
 56566 | Vaults:5 | Received a gift from Okawaru
 56848 | Vaults:5 | Noticed a golden dragon
 56873 | Vaults:5 | Killed a golden dragon
 56886 | Vaults:4 | Received a gift from Okawaru
 56897 | Vaults:4 | Got a pair of spiked gloves {god gift}
 56900 | Vaults:4 | Identified the -3 pair of gloves of Gravity {rPois rCorr}
                  | (Okawaru gifted it to you on level 4 of the Vaults)
 57212 | Vaults:5 | Reached XP level 24. HP: 160/160 MP: 29/30
 57225 | Vaults:5 | Noticed Frederick
 57249 | Vaults:4 | Reached skill level 19 in Fighting
 57455 | Vaults:5 | Killed Frederick
 57899 | Vaults:5 | Received a gift from Okawaru
 58217 | Vaults:5 | Got a silver rune of Zot
 58290 | Vaults:5 | Identified Ingenoiq's Tome of Spatial Snow
 58297 | Vaults:5 | Identified the amulet of Fiomaid {RegenMP rPois rF- MR+}
 58599 | Vaults:5 | Found the +10 morningstar "Eos" {elec, Halo rElec}
 59300 | Vaults:3 | Bought a runed cloak for 255 gold pieces
 59680 | Slime:1  | Entered Level 1 of the Pits of Slime
 59699 | Lair:5   | Received a gift from Okawaru
 60264 | Slime:4  | Reached skill level 20 in Fighting
 60665 | Slime:5  | Entered Level 5 of the Pits of Slime
 60779 | Slime:5  | Gained mutation: You are very dopey. (Int -4) [a shining
                  | eye]
 60780 | Slime:5  | Gained mutation: You tend to lose your temper in combat. [a
                  | shining eye]
 61185 | Slime:4  | Gained mutation: Your magical capacity is low. (-10% MP) [a
                  | shining eye]
 61305 | Slime:5  | Noticed the Royal Jelly
 61306 | Slime:5  | Found a viscous altar of Jiyva.
 61337 | Slime:5  | Killed the Royal Jelly
 61337 | Slime:5  | Received a gift from Okawaru
 61337 | Slime:5  | Reached XP level 25. HP: 120/169 MP: 22/27
 61981 | Slime:5  | Got a slimy rune of Zot
 62101 | Slime:5  | Identified Sif Muna's Volume of Clay and Flames
 62987 | Depths:1 | Reached skill level 21 in Fighting
 63262 | Depths:1 | Received a gift from Okawaru
 63263 | Depths:1 | Found the +4 skin of Zhor {Englaciate rC+++ SInv}
 63717 | Depths:1 | Noticed a juggernaut
 63730 | Depths:1 | Killed a juggernaut
 63766 | Depths:1 | Identified the +8 short sword "Murmur" {antimagic, Str+6
                  | Stlth-}
 63971 | Depths:1 | Identified Lashroge's Disquisition on Floating Curses
 64043 | Depths:1 | Reached XP level 26. HP: 179/179 MP: 27/27
 64074 | Depths:1 | Found a gateway to Hell.
 64106 | Depths:1 | Reached skill level 22 in Fighting
 64148 | Depths:1 | Identified the Tome of the Unholy Traveller
 64338 | Depths:1 | Found a gateway to a ziggurat.
 64492 | Depths:2 | Received a gift from Okawaru
 65052 | Depths:2 | Identified the Grimoire of Ensnaring Stolen Souls
 65431 | Depths:2 | Found Lavamyfuph's Distillery.
 65433 | Depths:2 | Noticed Nikola
 65448 | Depths:2 | Killed Nikola
 65917 | Depths:3 | Noticed Jory
 65918 | Depths:3 | Reached skill level 23 in Fighting
 65926 | Depths:3 | Paralysed by a floating eye for 2 turns
 65951 | Depths:3 | Killed Jory
 66200 | Depths:3 | Received a gift from Okawaru
 66341 | Depths:3 | Noticed Xtahua
 66358 | Depths:3 | Killed Xtahua
 66436 | Depths:3 | Received a gift from Okawaru
 66888 | Depths:3 | Reached XP level 27. HP: 172/188 MP: 27/27
 67069 | Depths:3 | Found a one-way gate leading to the halls of Pandemonium.
 67682 | Depths:4 | Identified the +2 dagger of Okawaru's Envy {drain, rF+ rC-
                  | Str+4}
 68472 | Depths:4 | Reached skill level 24 in Fighting
 68616 | Depths:5 | Entered Level 5 of the Depths
 68868 | Depths:5 | Received a gift from Okawaru
 68885 | Depths:5 | Got a pair of masterwork boots {god gift}
 68886 | Depths:5 | Identified the +0 pair of boots "Mualusatz" {-Cast MR+++
                  | rCorr Stlth-} (Okawaru gifted it to you on level 5 of the
                  | Depths)
 69039 | Depths:5 | Found a gate to the Realm of Zot.
 69191 | Depths:5 | Found Ifolich's Weapon Shop.
 69646 | Depths:4 | Found a hide-covered altar of Uskayaw.
 70004 | Depths:1 | Voluntarily entered the Abyss.
 70105 | Abyss:2  | Reached skill level 25 in Fighting
 70601 | Abyss:2  | Received a gift from Okawaru
 70650 | Abyss:3  | Got a pair of ancient gloves
 70654 | Abyss:3  | Found an ancient bone altar of Kikubaaqudgha.
 70662 | Abyss:3  | Got a crude pewter ring
 71073 | Abyss:4  | Got a shimmering ring mail
 71224 | Abyss:5  | Entered Level 5 of the Abyss
 71389 | Abyss:5  | Gained mutation: You are clumsy. (Dex -2) [a neqoxec]
 71539 | Abyss:5  | Reached skill level 26 in Fighting
 71551 | Abyss:5  | Paralysed by accursed screaming for 1 turns
 71552 | Abyss:5  | Gained mutation: Potions are less effective at restoring
                  | your health. [a cacodemon]
 71565 | Abyss:5  | Gained mutation: Your spells are a little easier to cast,
                  | but a little less powerful. [a cacodemon]
 71573 | Abyss:5  | Paralysed by accursed screaming for 2 turns
 71711 | Abyss:5  | Found a corrupted altar of Lugonu.
 71789 | Abyss:5  | Received a gift from Okawaru
 71843 | Abyss:5  | Gained mutation: You are weak. (Str -2) [a cacodemon]
 72221 | Abyss:5  | Paralysed by accursed screaming for 2 turns
 72234 | Abyss:5  | Paralysed by accursed screaming for 1 turns
 72489 | Abyss:5  | Received a gift from Okawaru
 72492 | Abyss:5  | Got an ancient hand axe {god gift}
 72504 | Abyss:5  | Gained mutation: You often lose your temper in combat. [a
                  | neqoxec]
 72509 | Abyss:5  | Lost mutation: You often lose your temper in combat. [a
                  | neqoxec]
 72595 | Abyss:5  | Paralysed by you for 7 turns
 72688 | Depths:1 | Escaped the Abyss
 73047 | Depths:1 | Acquired a +2 pair of gloves of strength
 73051 | Depths:1 | Identified the +3 pair of gloves of Diom {Str+4 Int+2} (You
                  | found it on level 3 of the Abyss)
 73065 | Depths:1 | Identified the +1 ring mail of the Swamp {-Tele rN++ MP+9
                  | Int-2} (You found it on level 4 of the Abyss)
 73066 | Depths:1 | Identified the ring "Foet" {Dex+4 Slay+4} (You found it on
                  | level 3 of the Abyss)
 73298 | Lair:1   | Lost mutation: You tend to lose your temper in combat.
                  | [potion of mutation]
 73298 | Lair:1   | Lost mutation: Your magical capacity is low. (-10% MP)
                  | [potion of mutation]
 73298 | Lair:1   | Gained mutation: You are resistant to hostile enchantments.
                  | (MR+) [potion of mutation]
 73298 | Lair:1   | Lost mutation: Your spells are a little easier to cast, but
                  | a little less powerful. [potion of mutation]
 73298 | Lair:1   | Gained mutation: You have a beak for a mouth. [potion of
                  | mutation]
 73301 | Lair:1   | Lost mutation: You have a beak for a mouth. [potion of
                  | mutation]
 73301 | Lair:1   | Lost mutation: You are clumsy. (Dex -2) [potion of
                  | mutation]
 73301 | Lair:1   | Lost mutation: You are very dopey. (Int -4) [potion of
                  | mutation]
 73409 | Temple   | Fell from the grace of Okawaru
 73409 | Temple   | Became a worshipper of the Shining One
 73718 | Crypt:1  | Entered Level 1 of the Crypt
 73755 | Crypt:1  | Reached * piety under the Shining One
 73936 | Crypt:1  | Reached ** piety under the Shining One
 74101 | Crypt:1  | Reached *** piety under the Shining One
 74607 | Crypt:2  | Reached **** piety under the Shining One
 74634 | Crypt:2  | Reached ***** piety under the Shining One
 75143 | Crypt:2  | Reached ****** piety under the Shining One
 75144 | Crypt:2  | Lost mutation: You are resistant to hostile enchantments.
                  | (MR+) [potion of mutation]
 75144 | Crypt:2  | Lost mutation: You are dopey. (Int -2) [potion of mutation]
 75144 | Crypt:2  | Lost mutation: You are weak. (Str -2) [potion of mutation]
 75144 | Crypt:2  | Gained mutation: You are frail. (-10% HP) [potion of
                  | mutation]
 75144 | Crypt:2  | Gained mutation: You expend magic power (3 MP) to
                  | strengthen your wands. [potion of mutation]
 75144 | Crypt:2  | Gained mutation: You are partially covered in iridescent
                  | scales. (AC +2) [potion of mutation]
 75145 | Crypt:2  | Lost mutation: You are frail. (-10% HP) [potion of
                  | mutation]
 75145 | Crypt:2  | Lost mutation: Potions are less effective at restoring your
                  | health. [potion of mutation]
 75145 | Crypt:2  | Lost mutation: You expend magic power (3 MP) to strengthen
                  | your wands. [potion of mutation]
 75145 | Crypt:2  | Gained mutation: You are frail. (-10% HP) [potion of
                  | mutation]
 75145 | Crypt:2  | Gained mutation: You are clumsy. (Dex -2) [potion of
                  | mutation]
 75145 | Crypt:2  | Gained mutation: You are somewhat resistant to further
                  | mutation. [potion of mutation]
 75424 | Crypt:3  | Entered Level 3 of the Crypt
 76036 | Crypt:3  | Reached skill level 15 in Invocations
 76231 | Crypt:3  | Identified Yloyr's Volume of Dark Secrets
 76318 | Crypt:3  | Found a staircase to the Tomb.
 76435 | Crypt:3  | Found an ancient bone altar of Kikubaaqudgha.
 76437 | Crypt:3  | Noticed an ancient lich
 76450 | Crypt:3  | Killed an ancient lich
 76458 | Crypt:3  | Noticed an ancient lich
 76467 | Crypt:3  | Killed an ancient lich
 76491 | Crypt:3  | Noticed an ancient lich
 76505 | Crypt:3  | Killed an ancient lich
 76933 | Tomb:1   | Entered Level 1 of the Tomb of the Ancients
 77564 | Zot:1    | Entered Level 1 of the Realm of Zot
 79456 | Zot:3    | Reached skill level 27 in Fighting
 79612 | Zot:3    | Noticed an orb of fire
 79627 | Zot:3    | Killed an orb of fire
 80527 | Zot:4    | Was forgiven by Okawaru
 80786 | Zot:4    | Noticed an orb of fire
 80797 | Zot:4    | Killed an orb of fire
 81399 | Zot:4    | Found the +8 demon blade "Leech" {vamp, *Rage +Rage rN+}
 81915 | Depths:4 | Voluntarily entered the Abyss.
 81915 | Abyss:1  | Found a corrupted altar of Lugonu.
 82039 | Abyss:3  | Gained mutation: You are very frail. (-20% HP) [a neqoxec]
 82148 | Abyss:3  | Paralysed by accursed screaming for 1 turns
 82358 | Abyss:4  | Found a corrupted altar of Lugonu.
 82518 | Abyss:4  | Found a corrupted altar of Lugonu.
 82924 | Abyss:5  | Entered Level 5 of the Abyss
 83372 | Abyss:5  | Gained mutation: Your spells are a little easier to cast,
                  | but a little less powerful. [a neqoxec]
 83492 | Abyss:5  | Noticed an ancient lich
 83505 | Abyss:5  | Killed an ancient lich
 83526 | Abyss:5  | Found a corrupted altar of Lugonu.
 83604 | Abyss:5  | Paralysed by accursed screaming for 2 turns
 83751 | Abyss:5  | HP: 4/159 [starcursed mass/accursed screaming (10)]
 83751 | Abyss:5  | Paralysed by accursed screaming for 1 turns
 83754 | Abyss:5  | The Shining One protects you from harm!
 83755 | Abyss:5  | Killed from afar by a starcursed mass

Illustrated notes

Levels and vault maps discovered:
D:1:      dpeg_arrival_refuge, layout_basic
D:2:      minmay_wonky_spiral, layout_rooms, uniq_sigmund
D:3:      layout_loops_ring, st_stairs_13, uniq_jessica, uniq_natasha
D:4:      layout_cave_pools, serial_undead, serial_undead_e, serial_undead_a,
          serial_undead_a, serial_undead_e, serial_undead_a, serial_undead_a
D:5:      minmay_razor_zed, layout_basic, nicolae_qazlal_general_emergency,
          uniq_ijyb, uniq_blork_the_orc
D:6:      layout_rooms, gammafunk_ghost_abyssal_escape
D:7:      layout_loops_ring, minmay_temple_entry_mini_moons,
          roderic_malta_cross, uniq_joseph, uniq_menkaure
D:8:      layout_loops_ring, lair_entry_dummy, chequers_jeans
D:9:      layout_basic, grunt_temple_overflow_open
D:10:     layout_gridville, serial_ice, serial_ice_d, serial_ice_k,
          serial_ice_c, serial_ice_f
D:11:     layout_long_grid, david_orc_5, basic_altar, item_on_display_a,
          uniq_grum
D:12:     kennysheep_demon_hangout, layout_basic, serial_shops, shop, shop,
          minmay_increasing_density
D:13:     kennysheep_ambush_hall, layout_irregular_city, david_vaults_4,
          enter_trove_2, minivault_15
D:14:     layout_rooms, minivault_4
D:15:     hangedman_depths_entry_try_elsewhere_first, layout_gridville,
          serial_shops, nicolae_shop_trees, serial_park_paths
          [serial_park_minivault_5x5_4], serial_park_tiny_pond, uniq_jorgrun
Temple:   nicolae_temple_x_marks_the_god
Lair:1:   layout_regular_city, minivault_24, grunt_forest_stairs_basic,
          columned_hall_lemuel, grunt_megastairs_1, uniq_urug, uniq_maggie,
          uniq_sonja
Lair:2:   layout_misc_corridors, roderic_batcave, bh_autumn_forest_stairs,
          minmay_lair_oklob_items, lemuel_fruit_fields
Lair:3:   layout_cave_pods, shoals_dummy_entry
Lair:4:   layout_cave_pods, guppyfry_snake_entry_island, serial_bayou_shore_a,
          infiniplex_staircase_pool, grunt_megastairs_4
Lair:5:   layout_layer_cave, nicolae_slime_entry_slimehenge, lemuel_fruit_tree
Lair:6:   hangedman_lair_caniforms_friends, layout_gridlike,
          hangedman_lair_in_review, basic_altar
Shoals:1: cheibrodos_shoals_oceanic_diplomacy, layout_shoals, serial_shops,
          shop_fountains
Shoals:2: layout_shoals, nicolae_shoals_arrival_archipelago
Shoals:3: layout_shoals, centaur_isle
Shoals:4: shoals_end_grunt_garden, layout_shoals, shoals_ilsuiw_alternative,
          lemuel_oklob_altar
Snake:1:  layout_misc_corridors, nicolae_snake_lava_pool, minmay_shop_grove,
          uniq_donald
Snake:2:  layout_basic, nicolae_coiled_stairwell_down
Snake:3:  layout_layer_cave, gammafunk_ghost_wrathful_warriors, st_stairs_13
Snake:4:  snake_pit, layout_chambers, serial_shops, shop_statue,
          minmay_shop_star
Slime:1:  layout_caves
Slime:2:  layout_caves, nicolae_slime_barrier
Slime:3:  layout_caves
Slime:4:  layout_caves, nicolae_slime_phagocytosis
Slime:5
Orc:1:    layout_diamond_mine, portal_ice_cave_entry_pillars_2,
          minmay_orc_temple_c, uniq_josephine
Orc:2:    st_orc_mages, layout_caves, gammafunk_ghost_berserking_beasts,
          bloody_makhleb
Elf:1:    minmay_elf_arrival_plus, layout_rooms, minmay_elf_sorcery,
          grunt_megastairs_5
Elf:2:    layout_geoelf_diagonals, statue_in_the_mist_lemuel,
          hangedman_elf_simple_split
Elf:3:    grunt_elf_hall_branching, layout_geoelf_grid, serial_shops, shop,
          hex_large, grunt_ministairs_4, minmay_shop_grid_forest,
          nicolae_elf_m_pinch, door_vault
Vaults:1: v_pattern_4, nicolae_vaults_little_squares_3, hangedman_vaults_nodes,
          grunt_vaults_focal, v_misc_18, v_misc_8, grunt_vaults_hallway_short,
          v_misc_27, layout_vaults_quadrants, serial_shops, shop
Vaults:2: vaults_room_fancy_cross, vaults_room_pools,
          kennysheep_vaults_gozag_temple, grunt_vaults_swirl,
          nicolae_vaults_stairing_the_circle, grunt_vaults_bifocal,
          vaults_room_stairs_pillars, hangedman_vaults_locks,
          grunt_vaults_hallway_long, nicolae_vaults_little_squares_6, v_misc_2,
          ontoclasm_vaults_fault, vaults_standard_mumra_lines,
          layout_vaults_omnibox
Vaults:3: grunt_vaults_hallway_long, v_misc_12,
          minmay_crypt_entry_simple_statues, nicolae_vaults_yaktaur_gun_rack,
          st_more_cells, v_misc_28, v_misc_5, hangedman_vaults_corner,
          hangedman_vaults_river_flow, nicolae_vaults_rhombus_6,
          grunt_vaults_hallway_short, nicolae_vaults_little_squares_5,
          layout_vaults_ring, serial_shops, nicolae_shop_overgrown_old_shop,
          uniq_asterion, uniq_sojobo, uniq_saint_roka
Vaults:4: nicolae_vaults_big_angled_halls, v_misc_9, hangedman_vaults_snaps,
          vaults_mumra_minichess_inversion, ontoclasm_vaults_ring_small,
          nicolae_vaults_little_ls, ontoclasm_vaults_bender, v_misc_12,
          vaults_room_pool, layout_vaults_chaotic_city
Vaults:5: uniq_frederick
Crypt:1:  layout_catacombs, minmay_misc_feat_columns, grunt_megastairs_2,
          grunt_crypt_arrival_webbed
Crypt:2:  layout_regular_city
Crypt:3:  quadcrypt_mu
Tomb:1
Depths:1: grunt_twisty_corner, layout_long_grid, enter_ziggurat_e, abyss_entry,
          skrybe_limestone_x, hell_entry, lemuel_freeze_loot_1,
          grunt_megastairs_3
Depths:2: hangedman_cross_cluster, layout_twisted_cross, grunt_metal_band,
          serial_shops, nicolae_shop_temple_entry_statues_fountains, uniq_nikola
Depths:3: hangedman_stitches_corridor, layout_cave_shapes,
          grunt_pan_entry_zigzag, hell_entry, minmay_misc_feat_four_crosses,
          infiniplex_staircase_x, uniq_xtahua, uniq_jory
Depths:4: regret_index_uskayaw_diablada_macabre, layout_gridlike,
          serial_bayou_pond_e, minmay_room_of_horrors, hell_entry
Depths:5: grunt_crosshair, layout_small_grid, pf_hell_entry_tar_spiral,
          serial_shops, nicolae_shop_crystal, serial_sigils_hangedman_snap
Zot:1:    layout_basic
Zot:2:    layout_gridville
Zot:3:    layout_gridlike, drop_trap, nicolae_lava_and_water, zot_minivault_5
Zot:4:    minmay_elemental_castle, layout_gridlike
Abyss:5:  base: D:11, evilmike_abyss_exit_glass, nicolae_abyss_rune_star_stuff,
          hangedman_decor_lopped, hangedman_stitches_earthworm,
          hangedman_stitches_earthworm, evilmike_abyss_rune_elephants_shrine,
          guppyfry_abyss_exit_glass_guarded, evilmike_abyss_rune_ettins,
          hangedman_abyss_shoalhut, nicolae_abyss_rune_left_handed,
          evilmike_abyss_exit_1, hangedman_abyss_rune_macabre_mess,
          minivault_26, minivault_19, guppyfry_abyss_exit_imp_island,
          gammafunk_abyss_rune_reverse_zot, evilmike_abyss_exit_9,
          hangedman_relentless_pull, nicolae_abyss_rune_star_stuff,
          evilmike_abyss_exit_4, hangedman_summoners_spam,
          evilmike_abyss_rune_tso_outpost, base: Elf:2, base: Crypt:1, base:
          Zot:2, evilmike_abyss_rune_siren_acolytes,
          evilmike_abyss_rune_siren_acolytes, evilmike_abyss_exit_9,
          nicolae_abyss_rune_star_stuff, gammafunk_abyss_rune_reverse_zot,
          due_exit_kobolds, due_evilmike_abyss_rune_seething_liches,
          hangedman_steaming_rock, gammafunk_abyss_rune_reverse_zot

Skill      XL: |  1  2  3  4  5  6  7  8  9 10 11 12 13 14 15 16 17 18 19 20 21 22 23 24 25 26 27 |
---------------+----------------------------------------------------------------------------------+-----
Axes           | 2 3 4 5 7 9 10 12 13 15 17 18 | 18.2
Fighting       | 5 6 7 9 11 12 13 14 16 17 18 20 21 23 27 | 27.0
Invocations    | 5 9 10 20 | 20.8
Armour         | 6 9 11 14 17 19 20 21 25 | 25.2
Dodging        | 2 3 7 11 14 16 18 19 20 | 20.8
Shields        | 5 10 13 15 16 17 20 26 | 26.7

Action                   |  1- 3 |  4- 6 |  7- 9 | 10-12 | 13-15 | 16-18 | 19-21 | 22-24 | 25-27 || total
-------------------------+-------+-------+-------+-------+-------+-------+-------+-------+-------++-------
Melee: War axe           |    39 |   155 |   403 |   188 |       |       |       |       |       ||   785
       Broad axe         |       |       |       |   375 |  1215 |  1329 |  1236 |  1320 |  4027 ||  9502
       Flail             |       |       |       |     9 |   101 |       |       |       |       ||   110
       Morningstar       |       |       |       |       |    17 |       |       |       |       ||    17
Invok: Heroism           |       |       |       |     6 |    17 |     4 |    12 |    14 |    13 ||    66
       Finesse           |       |       |       |     1 |     4 |     2 |     5 |     6 |     6 ||    24
       Divine Shield     |       |       |       |       |       |       |       |       |     1 ||     1
       Summon Divine War |       |       |       |       |       |       |       |       |     1 ||     1
 Abil: Fly               |       |       |       |       |     1 |       |       |       |       ||     1
  Use: Potion            |     1 |       |     1 |       |     5 |     4 |       |     2 |    18 ||    31
       Scroll            |       |       |    10 |    13 |    25 |    10 |    16 |    22 |    32 ||   128
 Stab: Sleeping          |       |       |       |       |     1 |       |       |     1 |       ||     2
       Distracted        |       |       |       |       |       |       |       |     1 |     3 ||     4
       Invisible         |       |       |       |       |       |       |       |       |     1 ||     1
Armor: Scale mail        |    12 |    68 |   195 |   275 |       |   121 |   199 |   198 |       ||  1068
       Acid dragon scale |       |       |       |    30 |   683 |   335 |       |       |       ||  1048
       Gold dragon scale |       |       |       |       |       |       |       |    65 |   938 ||  1003
Dodge: Dodged            |    11 |    37 |   124 |   123 |   353 |   371 |   295 |   504 |  1241 ||  3059
Block: Kite shield       |    19 |    73 |   210 |   433 |   959 |  1500 |   958 |  1199 |  3611 ||  8962
       Reflection        |       |     2 |     3 |       |     7 |   276 |   129 |   128 |   189 ||   734

Table legend: (Time is in decaauts)
 A = Elapsed time spent in this place.
 B = Non-inter-level travel time spent in this place.
 C = Inter-level travel time spent in this place.
 D = Time resting spent in this place.
 E = Time spent auto-exploring this place.
 F = Levels seen in this place.
 G = Mean time per level.
                   A        B        C        D        E       F      G
               +--------+--------+--------+--------+--------+-----+--------+
         Total |  81461 |  75635 |   5826 |  17615 |  39042 |  71 | 1147.3 |
       Dungeon |  18182 |  16052 |   2130 |   3161 |   9640 |  15 | 1212.1 |
        Temple |     82 |     66 |     16 |      0 |     48 |   1 |   82.0 |
          Lair |  10996 |   9773 |   1223 |   2841 |   5077 |   6 | 1832.7 |
        Shoals |   7196 |   7028 |    168 |   2693 |   2766 |   4 | 1799.0 |
     Snake Pit |   5170 |   5001 |    169 |    707 |   3369 |   4 | 1292.5 |
    Slime Pits |   2312 |   2312 |      0 |   1288 |      0 |   5 |  462.4 |
  Orcish Mines |   3129 |   2905 |    224 |   1371 |    926 |   2 | 1564.5 |
   Elven Halls |   5024 |   4858 |    166 |   1529 |   2252 |   3 | 1674.7 |
        Vaults |   9161 |   8668 |    493 |   1482 |   5106 |   5 | 1832.2 |
         Crypt |   3247 |   2853 |    394 |      0 |   2168 |   3 | 1082.3 |
          Tomb |    152 |    152 |      0 |     73 |     22 |   1 |  152.0 |
        Depths |   7731 |   7105 |    626 |    806 |   4236 |   5 | 1546.2 |
           Zot |   3956 |   3745 |    211 |     43 |   3022 |   4 |  989.0 |
         Abyss |   4079 |   4079 |      0 |   1061 |    260 |  11 |  370.8 |
         Trove |    103 |    103 |      0 |      0 |      0 |   1 |  103.0 |
      Ice Cave |    935 |    935 |      0 |    557 |    148 |   1 |  935.0 |
               +--------+--------+--------+--------+--------+-----+--------+

Top non-repeatable levels by time:
  Lair:6: 2980 daAuts
   Elf:3: 2661 daAuts
Shoals:4: 2406 daAuts
Depths:1: 2276 daAuts
Shoals:3: 2231 daAuts
Vaults:4: 2106 daAuts
  Lair:1: 2085 daAuts
 Abyss:5: 2036 daAuts
Vaults:3: 1924 daAuts
Vaults:5: 1883 daAuts
   Orc:1: 1772 daAuts
Depths:3: 1742 daAuts
    D:12: 1653 daAuts
Vaults:1: 1644 daAuts
    D:15: 1633 daAuts
